 Dungeon Crawl Stone Soup version 0.19.4-9-g45fd643 (webtiles) character file.

77 sveltemanboy the Bolt Thrower (level 4, 0/23 HPs)
             Began as a Vine Stalker Hunter on Feb 21, 2017.
             Slain by a hobgoblin
             ... wielding a +0 club
             ... led by Robin
              (5 damage)
             ... on level 2 of the Dungeon.
             The game lasted 00:03:04 (1435 turns).

sveltemanboy the Bolt Thrower (Vine Stalker Hunter) Turns: 1435, Time: 00:03:05

Health: 0/23       AC:  3    Str: 15    XL:     4   Next: 34%
Magic:  0/5        EV: 12    Int: 12    God:
Gold:   98         SH:  0    Dex: 14    Spells: 0 memorised, 3 levels left

rFire  . . .     SeeInvis .     a - +1 hand crossbow
rCold  . . .     Gourm    .     c - +0 leather armour
rNeg   . . .     Faith    .     (no shield)
rPois  .         Spirit   +     (no helmet)
rElec  .         Reflect  .     (no cloak)
rCorr  .         Harm     .     (no gloves)
MR     .....                    (no boots)
Stlth  ++........               (no amulet)
                                (no ring)
                                (no ring)

@: no status effects
A: fangs 2, regeneration 1, magic shield, antimagic bite, no device heal 3, rot
immunity
a: no special abilities


You were on level 2 of the Dungeon.
You were not hungry.

You visited 1 branch of the dungeon, and saw 2 of its levels.

You collected 98 gold pieces.

Inventory:

Hand Weapons
 a - a +1 hand crossbow (weapon)
 b - a +0 short sword
Missiles
 d - 13 bolts (quivered)
Armour
 c - a +0 leather armour (worn)
Scrolls
 h - a scroll of identify
Potions
 e - a potion of haste
 j - a potion of flight
 k - a potion of might {unknown}
Comestibles
 f - 2 bread rations
 g - a slice of pizza


   Skills:
 - Level 1.7 Fighting
 * Level 4.5 Crossbows
 + Level 1.3 Armour
 + Level 2.0 Dodging
 - Level 1.2 Stealth


You had 3 spell levels left.
You didn't know any spells.

Dungeon Overview and Level Annotations

Branches:
Dungeon (2/15)

Altars:
Nemelex Xobeh


Innate Abilities, Weirdness & Mutations

You have extremely sharp teeth.
Your natural rate of healing is unusually fast.
When hurt, damage is shared between your health and your magic reserves.
Your bite disrupts and absorbs the magic of your enemies.
Potions and wands cannot restore your health.
You are immune to rotting.


Message History

Robin roars a battlecry!
The goblin goes into a battle-frenzy!
Firing (i - inventory):
d - 15 bolts (quivered)
Press: ? - help, Shift-Dir - straight line, f/p - Robin
Aim: Robin, wielding a short sword, wearing an animal skin and wearing a helmet (severely wounded, fast)
You shoot a bolt. The bolt hits Robin!
You kill Robin!
The goblin hits you but does no damage. The goblin hits you.
Firing (i - inventory):
d - 14 bolts (quivered)
Press: ? - help, Shift-Dir - straight line, f - goblin
Aim: a goblin (unusually strong)
You shoot a bolt. The bolt closely misses the goblin.
The goblin hits you. The goblin barely misses you. The goblin hits you.
* * * LOW HITPOINT WARNING * * *
The goblin barely misses you.
As you read the scroll labeled DAUHIN DUOQADI, it crumbles to dust.
It is a scroll of identify.
j - a potion of flight The hobgoblin hits you with a club.
You die...

#.# #.# #.# #(#
#.######### #.#
#.........# #.#
#..######.######.#
..(..............#
#..######.######.#
#..#### #.# #g#
#.....# #.# #@##
##.##.# #.# #gg#
##.##.# #.# ##.#
#.##.###.# #.##
#........# #..###
#.#...####
###...### #.⌠[⌠.#
###≈≈...≈≈###
#.._..#
#≈≈≈≈...≈≈≈≈#
##⌠.⌠##
≈≈≈≈##'÷'##≈≈≈#


You could see a hobgoblin and 2 goblins.

Vanquished Creatures
  Robin (D:2)
  An ooze (D:1)
  3 dart slugs (D:1)
  A leopard gecko (D:2)
  6 bats
  4 giant cockroaches (D:1)
  11 goblins
  5 hobgoblins
  3 jackals (D:2)
  6 kobolds (D:1)
  A frilled lizard (D:1)
  8 rats
50 creatures vanquished.

Notes
Turn   | Place    | Note
-------+----------+-------------------------------------------
     0 | D:1      | sveltemanboy the Vine Stalker Hunter began the quest for the Orb.
     0 | D:1      | Reached XP level 1. HP: 11/11 MP: 2/2
   118 | D:1      | Reached XP level 2. HP: 11/15 MP: 3/3
   259 | D:1      | Reached skill level 1 in Armour
   339 | D:1      | Reached skill level 4 in Crossbows
   358 | D:1      | Reached XP level 3. HP: 18/18 MP: 4/4
  1135 | D:2      | Found a sparkling altar of Nemelex Xobeh.
  1238 | D:2      | Gained mutation: Your natural rate of healing is unusually fast. [Vine Stalker growth]
  1238 | D:2      | Reached XP level 4. HP: 23/23 MP: 5/5
  1405 | D:2      | Noticed Robin
  1433 | D:2      | Killed Robin
  1435 | D:2      | Slain by a hobgoblin

Skill      XL: |  1  2  3 |
---------------+----------+-----
Armour         | 1 |  1.3
Crossbows      | 4 |  4.5
Dodging        | 2 |  2.0
Fighting       | |  1.7
Stealth        | |  1.2

Action                   |  1- 3 |  4- 6 || total
-------------------------+-------+-------++-------
Melee: Short sword       |    63 |       ||    63
       Bite              |    15 |       ||    15
 Fire: Hand crossbow     |    46 |    20 ||    66
  Use: Scroll            |       |     1 ||     1
 Stab: Sleeping          |     3 |       ||     3
  Eat: Chunk             |     1 |     1 ||     2
Armor: Leather armour    |    24 |     8 ||    32
Dodge: Dodged            |    41 |    18 ||    59
